 Dungeon Crawl Stone Soup version 0.24-a0-458-gfcb5e6da0e (webtiles) character file.

Game seed: 8268325647981913048

102 Krouwed the Chopper (level 4, -3/35 HPs)
             Began as a Demonspawn Fighter on June 27, 2019.
             Slain by Natasha (5 damage)
             ... on level 2 of the Dungeon.
             The game lasted 00:04:36 (1896 turns).

Krouwed the Chopper (Demonspawn Fighter)            Turns: 1896, Time: 00:04:37

Health: -3/35      AC: 13    Str: 18    XL:     4   Next: 50%
Magic:  4/4        EV:  4    Int:  9    God:
Gold:   113        SH:  9    Dex: 12    Spells: 3/3 levels left

rFire    + . .     SeeInvis .   a - +0 war axe
rCold    + . .     Gourm    .   c - +0 shield
rNeg     + . .     Faith    .   h - +0 chain mail
rPois    .         Spirit   .   (no helmet)
rElec    .         Reflect  .   n - scarf {rC+ rF+}
rCorr    .         Harm     .   (no gloves)
MR       .....                  l - +0 pair of boots
Stlth    ..........             (no amulet)
HPRegen  0.11/turn              e - ring of positive energy
MPRegen  0.09/turn              (no ring)

@: slowed, very slow
A: yellow scales 2
a: no special abilities


You were on level 2 of the Dungeon.
You were hungry.

You visited 1 branch of the dungeon, and saw 2 of its levels.

You collected 113 gold pieces.

Inventory:

Hand Weapons
 a - a +0 war axe (weapon)
 g - a +1 hand axe of freezing
Armour
 c - a +0 shield (worn)
 h - a +0 chain mail (worn)
 l - a +0 pair of boots (worn)
 n - a scarf of resistance (worn)
Jewellery
 e - a ring of positive energy (left hand)
Scrolls
 d - a scroll of immolation
 i - a scroll of blinking
Comestibles
 b - 3 chunks of flesh
 f - 5 rations


   Skills:
 - Level 3.1 Fighting
 + Level 4.0 Axes
 - Level 2.8 Armour
 - Level 2.8 Shields


You had 3 spell levels left.
You didn't know any spells.
Your spell library was empty.

Dungeon Overview and Level Annotations

Branches:
Dungeon (2/15)

Altars:
Makhleb
Trog
Vehumet
Wu Jian

Annotations:
D:2 Natasha


Innate Abilities, Weirdness & Mutations

You are mostly covered in yellow scales. (AC +3)


Message History

Your shield and chain mail prevent you from hitting the iron imp.
You hit the white imp.
You kill the white imp!
You feel yourself speed up. You block the iron imp's attack. Natasha claws you.
The iron imp hits you.
* * * LOW HITPOINT WARNING * * *
Natasha mumbles some strange words.
You closely miss Natasha.
Natasha is moderately wounded.
You barely miss the iron imp. Natasha casts a spell at you.
You feel yourself slow down. The iron imp hits you!
* * * LOW HITPOINT WARNING * * *
You hit Natasha.
Natasha is heavily wounded.
Your chain mail prevents you from hitting the iron imp.
You closely miss the crimson imp.
The iron imp disappears in a puff of smoke!
Natasha claws you.
You die...

#####..###._.....# #.#
##...##...##..## #.#
#....##..###...# #.#
#....##..###...###.#
#..........#.......# #####
####.......[..##.#####
....#
######)###########.....#
....# #...........#
#####.# ....#
#.......@h..# #.# ....#
#..[....5ยง..##########.##
....#
#.......................#
....#
#...........#############
....# #...........# ....#
#...........#
....#####...........#
....(...............#
#########........>.


You could see Natasha and a crimson imp.

Vanquished Creatures
  Natasha (twice) (D:2)
  2 adders (D:2)
  A dart slug (D:2)
  2 leopard geckos
  A ball python (D:2)
  4 giant cockroaches
  4 goblins
  2 hobgoblins
  6 jackals (D:2)
  A quokka (D:2)
  A bat (D:2)
  2 kobolds (D:2)
  2 rats (D:2)
30 creatures vanquished.

Notes
Turn   | Place    | Note
-------+----------+-------------------------------------------
     0 | D:1      | Krouwed the Demonspawn Fighter began the quest for the Orb.
     0 | D:1      | Reached XP level 1. HP: 18/18 MP: 1/1
   345 | D:1      | Reached skill level 2 in Axes
   346 | D:1      | Gained mutation: You are partially covered in yellow
                  | scales. (AC +2) [demonic ancestry]
   346 | D:1      | Reached XP level 2. HP: 16/24 MP: 2/2
   904 | D:2      | Found a bloodstained altar of Trog.
   989 | D:2      | Found a burning altar of Makhleb.
   989 | D:2      | Found a radiant altar of Vehumet.
  1023 | D:2      | Reached XP level 3. HP: 20/29 MP: 3/3
  1026 | D:2      | Reached skill level 3 in Axes
  1194 | D:2      | Found an ornate altar of the Wu Jian Council.
  1411 | D:2      | Noticed Natasha
  1418 | D:2      | Killed Natasha
  1418 | D:2      | Gained mutation: You are mostly covered in yellow scales.
                  | (AC +3) [demonic ancestry]
  1418 | D:2      | Reached XP level 4. HP: 29/35 MP: 4/4
  1478 | D:2      | Noticed Natasha
  1506 | D:2      | Killed Natasha
  1544 | D:2      | Noticed Natasha
  1781 | D:2      | Reached skill level 4 in Axes
  1896 | D:2      | Slain by Natasha

Levels and vault maps discovered:
D:1:      dpeg_arrival_orchard, layout_basic
D:2:      layout_basic, amethyst_overflow_temple_binary, lemuel_doored_altar,
          first_ration, trog_three_pillars_becter, uniq_natasha

Skill      XL: |  1  2  3  4 |
---------------+-------------+-----
Axes           | 2 3 4 |  4.0
Fighting       | |  3.1
Armour         | |  2.8
Shields        | |  2.8

Action                   |  1- 3 |  4- 6 || total
-------------------------+-------+-------++-------
Melee: War axe           |   102 |    57 ||   159
  Use: Potion            |     1 |     2 ||     3
       Scroll            |     5 |     2 ||     7
  Eat: Chunk             |     1 |     2 ||     3
Armor: Scale mail        |    54 |    22 ||    76
       Chain mail        |       |    39 ||    39
Dodge: Dodged            |    34 |    15 ||    49
Block: Shield            |    54 |    41 ||    95

Table legend:
 A = Non-vault XP
 B = Vault XP
 C = Vault XP percentage of total XP
 D = Non-vault monster count
 E = Vault monster count
 F = Vault count percentage of total count
                 A         B        C        D         E       F
            +---------+---------+-------+---------+---------+-------
      Total |     114 |      33 |  22.4 |      29 |       1 |   3.3
            +---------+---------+-------+---------+---------+-------
        D:1 |      15 |       0 |   0.0 |       7 |       0 |   0.0
        D:2 |      99 |      33 |  25.0 |      22 |       1 |   4.3
            +---------+---------+-------+---------+---------+-------
